 Dungeon Crawl Stone Soup version 0.27.0-1-g7a089689b8 (webtiles) character file.

Game seed: 17052252277542889062

42 ZARRMARR the Chopper (level 3, -1/33 HPs)
             Began as a Hill Orc Monk on Aug 5, 2021.
             Killed from afar by Natasha (5 damage)
             ... with a magic dart
             ... on level 2 of the Dungeon.
             The game lasted 00:04:12 (1799 turns).

ZARRMARR the Chopper (Hill Orc Monk)                Turns: 1799, Time: 00:04:12

Health: -1/33      AC:  2    Str: 14    XL:     3   Next: 54%
Magic:  3/3        EV: 12    Int: 10    God:
Gold:   59         SH:  0    Dex: 13    Spells: 2/2 levels left

rFire    . . .     SeeInvis .   a - +0 hand axe
rCold    . . .     Faith    .   (no shield)
rNeg     . . .     Spirit   .   b - +0 robe
rPois    .         Reflect  .   (no helmet)
rElec    .         Harm     .   (no cloak)
rCorr    .         Rampage  .   (no gloves)
Will     .....                  (no boots)
Stlth    ++........             (no amulet)
HPRegen  0.11/turn              (no ring)
MPRegen  0.08/turn              (no ring)

@: no status effects
A: no striking features
a: no special abilities


You were on level 2 of the Dungeon.
You visited 1 branch of the dungeon, and saw 2 of its levels.

You collected 59 gold pieces.

Inventory:

Hand Weapons
 a - a +0 hand axe (weapon)
Missiles
 c - 33 stones (quivered)
Armour
 b - a +0 robe (worn)
Jewellery
 d - a ring of wizardry
Potions
 e - a potion of degeneration {unknown}
 f - a potion of flight {unknown}


   Skills:
 + Level 4.1 Fighting
 + Level 5.0 Axes
 + Level 0.5 Throwing
 + Level 2.5 Dodging
 + Level 1.7 Stealth


You had 2 spell levels left.
You didn't know any spells.
Your spell library was empty.

Dungeon Overview and Level Annotations

Branches:
Dungeon (2/15)

Altars:

Shops:
D:1 =

Annotations:
D:2 Natasha


Message History

Done exploring.
Done exploring.
There is a stone staircase leading down here.
You climb downwards.
Found 14 stones.
There is a stone staircase leading up here.
c - 34 stones (gained 14)
Found a stone staircase leading down.
Natasha, Servant of Life and Death comes into view.
Natasha hisses angrily.
Throw: 34 stones
Press: ? - help, Q - select action Shift-Dir - straight line, f - Natasha
Aim: Natasha (51% to hit)
You throw a stone. The stone closely misses Natasha.
Unknown command.
You hit Natasha.
Natasha is moderately wounded.
Natasha claws you.
You closely miss Natasha.
Natasha is moderately wounded.
Natasha claws you!
You completely miss Natasha.
Natasha is moderately wounded.
Natasha claws you!
You hit Natasha but do no damage.
Natasha is moderately wounded.
Natasha casts a spell at you. The magic dart hits you!
* * * LOW HITPOINT WARNING * * *
You barely miss Natasha.
Natasha is moderately wounded.
Natasha barely misses you.
You hit Natasha.
Natasha is severely wounded.
Natasha closely misses you.
You barely miss Natasha.
Natasha is severely wounded.
Natasha casts a spell at you. The magic dart hits you.
You die...

.. ###### .#
......#######.#
............#.#
............#.#
........$...#.#####.
...................>
......h@......#.###
......######..#.#
####. #..#.# #
#..#.######
#........<#
#.###.##### #.# #...
#.# ##### #.#


You could see Natasha.

Vanquished Creatures
  A dart slug (D:1)
  7 ball pythons (D:1)
  4 endoplasms (D:1)
  2 giant cockroaches (D:1)
  A goblin (D:1)
  A hobgoblin (D:1)
  2 jackals (D:1)
  2 quokkas (D:1)
  3 bats (D:1)
  3 frilled lizards (D:1)
  6 kobolds (D:1)
  3 rats (D:1)
35 creatures vanquished.

Vanquished Creatures (others)
  A plant (D:1)
1 creature vanquished.

Grand Total: 36 creatures vanquished

Notes
Turn   | Place    | Note
-------+----------+-------------------------------------------
     0 | D:1      | ZARRMARR the Hill Orc Monk began the quest for the Orb.
     0 | D:1      | Reached XP level 1. HP: 19/19 MP: 1/1
   522 | D:1      | Reached XP level 2. HP: 10/27 MP: 2/2
   888 | D:1      | Found Zynawe's Jewellery Boutique.
   930 | D:1      | Found a faded altar of an unknown god.
   934 | D:1      | Reached XP level 3. HP: 21/33 MP: 3/3
  1517 | D:1      | Reached skill level 5 in Axes
  1789 | D:2      | Noticed Natasha
  1799 | D:2      | Killed from afar by Natasha

Illustrated notes

Levels and vault maps discovered:
D:1:      amcnicky_arrival_single_pillar, layout_basic, serial_shops, shop,
          dreamdust_ecumenical_altar_statues, amcnicky_mini_pool_small,
          st_stairs_9, serial_bayou_pond_e
D:2:      layout_basic, serial_shops, shop, basic_altar, uniq_jessica,
          uniq_natasha

Skill      XL: |  1  2  3 |
---------------+----------+-----
Fighting       | 4 |  4.1
Axes           | 5 |  5.0
Throwing       | |  0.5
Dodging        | |  2.5
Stealth        | |  1.7

Action                   || total
-------------------------++-------
Melee: Hand axe          ||    93
Throw: Stone             ||    51
 Stab: Sleeping          ||     1
Armor: Robe              ||    17
Dodge: Dodged            ||    47
